 Seeded DCSS version 0.28-a0-1567-g1695149f81 (webtiles) character file.

Game seed: 28092 (custom seed)

39 knot the Chopper (level 3, -11/43 HPs)
             Began as a Demonspawn Berserker on Jan 20, 2022.
             Was a Believer of Trog.
             Mangled by an ogre (17 damage)
             ... on level 4 of the Dungeon.
             The game lasted 00:01:12 (2222 turns).

knot the Chopper (Demonspawn Berserker)             Turns: 2222, Time: 00:01:12

Health: -11/43     AC:  3    Str: 17    XL:     3   Next: 26%
Magic:  3/3        EV: 12    Int: 10    God:    Trog [**....]
Gold:   113        SH:  0    Dex: 12    Spells: 2/2 levels left

rFire   . . .      SeeInvis .   a - +0 hand axe
rCold   + . .      Faith    +   (no shield)
rNeg    . . .      Spirit   .   b - +0 animal skin
rPois   .          Reflect  .   (no helmet)
rElec   .          Harm     .   (no cloak)
rCorr   .          Rampage  .   (no gloves)
Will    .....                   (no boots)
Stlth   ..........              d - amulet of faith
HPRegen 0.14/turn               e - ring of protection from cold
MPRegen 0.08/turn               (no ring)

@: berserking, very quick
A: rugged brown scales 1, powered by death 1
a: Renounce Religion, Berserk, Trog's Hand


You were on level 4 of the Dungeon.
You worshipped Trog.
Trog was pleased with you.
You visited 1 branch of the dungeon, and saw 4 of its levels.

You collected 113 gold pieces.

Inventory:

Hand Weapons
 a - a +0 hand axe (weapon)
Missiles
 c - 28 stones (quivered)
Armour
 b - a +0 animal skin (worn)
Jewellery
 d - an amulet of faith (around neck)
 e - a ring of protection from cold (left hand)
Scrolls
 h - 3 scrolls of identify {unknown}
 l - a scroll of vulnerability {unknown}
 m - a scroll of torment {unknown}
Potions
 f - 3 potions of curing {unknown}
 g - a potion of lignification {unknown}
 i - a potion of might {unknown}
 j - a potion of ambrosia {unknown}
 k - a potion of mutation {unknown}


   Skills:
 - Level 3.0 Fighting
 + Level 4.0 Axes
 - Level 1.7 Armour
 - Level 1.7 Dodging


You had 2 spell levels left.
You didn't know any spells.
Your spell library contained the following spells:

 Spells                   Type           Power      Damage    Failure   Level
 Corpse Rot               Necr/Air       0%         N/A       50%         2
 Poisonous Vapours        Pois/Air       0%         N/A       50%         2


Dungeon Overview and Level Annotations

Branches:
Dungeon (3/15)

Altars:


Innate Abilities, Weirdness & Mutations

You are partially covered in rugged brown scales. (AC +1, +3% HP)
You regenerate a little health from kills.


Message History

You hit the endoplasm.
The endoplasm is lightly wounded.
The endoplasm hits you but does no damage.
You hit the endoplasm.
The endoplasm is moderately wounded.
The endoplasm closely misses you.
You hit the endoplasm.
You kill the endoplasm!
Trog accepts your kill.
You hit the goblin. The goblin hits you with a +0 dagger.
You hit the goblin.
You kill the goblin!
Trog accepts your kill.
No target in view!
No target in view!
No target in view!
HP restored.
You now have 113 gold pieces (gained 7).
An ogre comes into view. It is wielding a +0 giant club.
The ogre shouts!
An ogre is nearby!
An ogre is nearby!
An ogre is nearby!
Found a ring mail.
An ogre is nearby!
You barely miss the ogre. The ogre hits you with a +0 giant club!
Ouch! That really hurt!
You are too injured to fight recklessly!
You are too injured to fight recklessly!
You are too injured to fight recklessly!
A red film seems to cover your vision as you go berserk!
You feel yourself moving faster!
You feel mighty! The ogre hits you with a +0 giant club!
* * * LOW HITPOINT WARNING * * *
You hit the ogre.
The ogre is lightly wounded.
You slash the ogre!
The ogre is moderately wounded.
The ogre hits you with a +0 giant club!
You die...

## ... . .### ....#
##. ...
.....####.##.. ..
.....#.... .###..#
#.......##O...[#
#.......#@.....#
##.......#.#.....#
..#................#
...........##......#
..........)####.....
.............#.....#
.................#..
#.......[........# .
#.##......#......


You could see an ogre.

Vanquished Creatures
  A worm (D:2)
  A dart slug (D:1)
  2 bats (D:2)
  4 endoplasms
  A giant cockroach (D:2)
  4 goblins
  4 hobgoblins
  2 ball pythons (D:2)
  A frilled lizard (D:1)
  3 kobolds
  11 rats
34 creatures vanquished.

Notes
Turn   | Place    | Note
-------+----------+-------------------------------------------
     0 | D:1      | knot the Demonspawn Berserker began the quest for the Orb.
     0 | D:1      | Reached XP level 1. HP: 18/18 MP: 1/1
   203 | D:1      | Found a faded altar of an unknown god.
   434 | D:1      | Reached skill level 3 in Axes
   624 | D:1      | Gained mutation: You regenerate a little health from kills.
                  | [demonic ancestry]
   624 | D:1      | Reached XP level 2. HP: 24/24 MP: 2/2
  1351 | D:2      | Reached ** piety under Trog
  1472 | D:2      | Gained mutation: You are partially covered in rugged brown
                  | scales. (AC +1, +3% HP) [demonic ancestry]
  1472 | D:2      | Reached XP level 3. HP: 10/29 MP: 3/3
  2031 | D:2      | Reached skill level 4 in Axes
  2169 | D:3      | You fall into a shaft and drop 1 floor!
  2216 | D:4      | Noticed an ogre
  2222 | D:4      | Mangled by an ogre

Illustrated notes

Levels and vault maps discovered:
D:1:      dpeg_arrival_ratfight, layout_basic,
          hellmonk_ecumenical_altar_lost_god
D:2:      layout_loops_ring
D:3:      minmay_wonky_spiral, layout_basic, serial_shops,
          nicolae_shop_hallway_stairs, nrook_uturn
D:4:      layout_cave_pools, ebering_ghost_sewer_d

Skill      XL: |  1  2  3 |
---------------+----------+-----
Axes           | 3 4 |  4.0
Fighting       | |  3.0
Armour         | |  1.7
Dodging        | |  1.7

Action                   || total
-------------------------++-------
Melee: Hand axe          ||    89
Invok: Berserk           ||     2
 Stab: Sleeping          ||     1
Armor: Animal skin       ||    15
Dodge: Dodged            ||    41

Table legend: (Time is in decaauts)
 A = Elapsed time spent in this place.
 B = Non-inter-level travel time spent in this place.
 C = Inter-level travel time spent in this place.
 D = Time resting spent in this place.
 E = Time spent auto-exploring this place.
 F = Levels seen in this place.
 G = Mean time per level.
                   A        B        C        D        E       F      G
               +--------+--------+--------+--------+--------+-----+--------+
         Total |   2242 |   2209 |     33 |    565 |   1404 |   4 |  560.5 |
       Dungeon |   2242 |   2209 |     33 |    565 |   1404 |   4 |  560.5 |
               +--------+--------+--------+--------+--------+-----+--------+

Top non-repeatable levels by time:
     D:1: 1186 daAuts
     D:2: 1002 daAuts
     D:4: 52 daAuts
